 Dungeon Crawl Stone Soup version 0.26.0-10-g1f06aea511 (webtiles) character file.

Game seed: 13939042386346399965

5089 septik the Cleaver (level 10, -8/91 HPs)
             Began as a Minotaur Berserker on Jan 24, 2021.
             Was a High Priest of Trog.
             Killed from afar by an electric eel (12 damage)
             ... with a bolt of electricity
             ... on level 8 of the Dungeon.
             The game lasted 00:21:50 (8737 turns).

septik the Cleaver (Minotaur Berserker)             Turns: 8737, Time: 00:21:52

Health: -8/91      AC: 15    Str: 24    XL:     10   Next: 31%
Magic:  9/9        EV: 12    Int:  4    God:    Trog [*****.]
Gold:   608        SH:  0    Dex: 11    Spells: 9/9 levels left

rFire    . . .     SeeInvis .   G - +0 battleaxe
rCold    . . .     Faith    .   (shield currently unavailable)
rNeg     . . .     Spirit   .   s - +0 chain mail
rPois    .         Reflect  .   (helmet restricted)
rElec    .         Harm     .   u - +0 cloak
rCorr    .         Rampage  .   y - +0 pair of gloves
Will     .....                  o - +0 pair of boots
Stlth    ..........             (no amulet)
HPRegen  0.25/turn              (no ring)
MPRegen  0.11/turn              (no ring)

@: berserk cooldown, slowed, very slow
A: retaliatory headbutt, horns 2
a: Renounce Religion, Berserk, Trog's Hand, Brothers in Arms


You were on level 8 of the Dungeon.
You worshipped Trog.
Trog was extremely pleased with you.
You visited 1 branch of the dungeon, and saw 8 of its levels.
You also visited: Ossuary.

You collected 608 gold pieces.

Inventory:

Hand Weapons
 G - a +0 battleaxe (weapon)
 J - a +2 hand axe of freezing
 M - a +0 broad axe
Missiles
 b - 286 stones
 w - 3 curare-tipped darts
 z - 3 boomerangs
 I - 2 throwing nets
Armour
 h - a +0 kite shield
 o - a +0 pair of boots (worn)
 s - a +0 chain mail (worn)
 t - a +0 tower shield
 u - a +0 cloak (worn)
 y - a +0 pair of gloves (worn)
 K - a +1 scale mail of fire resistance
Jewellery
 A - a cursed ring of flight
Wands
 B - a wand of paralysis (16)
 F - a wand of disintegration (9)
 H - a wand of iceblast (11)
 L - a wand of polymorph (6)
Scrolls
 a - a scroll of noise {unknown}
 d - 15 scrolls of identify
 g - a scroll of immolation {unknown}
 i - 2 scrolls of enchant weapon {unknown}
 k - 3 scrolls of teleportation
 n - 3 scrolls of remove curse
 q - a scroll of random uselessness
Potions
 c - 3 potions of heal wounds {unknown}
 e - 11 potions of curing
 f - 2 potions of berserk rage {unknown}
 j - 3 potions of attraction {unknown}
 l - 2 potions of resistance {unknown}
 m - a potion of flight {unknown}
 p - 2 potions of magic {unknown}
 r - a potion of ambrosia {unknown}
 v - a potion of haste {unknown}
 x - a potion of degeneration {unknown}
 C - 3 potions of brilliance {unknown}
 D - a potion of lignification {unknown}
 E - a potion of cancellation {unknown}


   Skills:
 + Level 9.1 Fighting
 * Level 11.9 Axes
 + Level 8.6 Armour
 + Level 7.8 Dodging
 - Level 0.3 Shields


You had 9 spell levels left.
You didn't know any spells.
Your spell library contained the following spells:

 Spells                   Type           Power        Failure   Level
 Corona                   Hex            0%           97%         1
 Shock                    Conj/Air       0%           97%         1
 Slow                     Hex            0%           99%         2
 Swiftness                Air            0%           99%         2
 Inner Flame              Hex/Fire       0%           100%        3
 Portal Projectile        Hex/Tloc       0%           100%        3
 Static Discharge         Conj/Air       0%           100%        3
 Airstrike                Air            0%           100%        4
 Cause Fear               Hex            0%           100%        4
 Leda's Liquefaction      Hex/Erth       0%           100%        4
 Lightning Bolt           Conj/Air       0%           100%        5


Dungeon Overview and Level Annotations

Branches:
Dungeon (8/15)             Temple (0/1) D:6         Ossuary (visited)
   Lair: D:8-11

Altars:
Dithmenos
Wu Jian


Innate Abilities, Weirdness & Mutations

You reflexively headbutt those who attack you in melee.
You have a pair of horns on your head.


Message History

The electric eel shoots out a bolt of lightning at you!
The bolt of electricity misses you.
You completely miss the electric eel. Your headbutt misses the electric eel.
The electric eel shoots out a bolt of lightning at you!
The bolt of electricity hits the electric eel.
The electric eel completely resists.
The bolt of electricity hits you!
The electric eel shoots out a bolt of lightning at you!
The bolt of electricity hits you!
* * * LOW HITPOINT WARNING * * *
The electric eel shoots out a bolt of lightning at you!
The bolt of electricity hits you.
* * * LOW HITPOINT WARNING * * *
The electric eel shoots out a bolt of lightning at you!
The bolt of electricity hits you!
* * * LOW HITPOINT WARNING * * *
The bolt of electricity hits you!
* * * LOW HITPOINT WARNING * * *
The electric eel shoots out a bolt of lightning at you!
The bolt of electricity hits you!
You die...

#........###.!P≈≈≈≈...#.#
#..########..≈≈≈≈≈.≈....#
#..# ##..≈≈≈≈≈≈≈.##.#
#..# #...≈≈≈≈≈≈..##.#
#..# #...≈≈≈≈≈≈..##.##
#... ...≈≈≈≈≈.≈≈.....#
#### .≈≈≈≈≈≈≈.≈...####
.≈≈≈≈≈;≈;....#
P≈≈≈≈≈≈@....##
≈≈≈≈≈≈≈≈...##
≈≈≈≈.≈....## ≈≈P.....###
≈P....### ≈≈...# ≈≈..#
....


You could see 2 electric eels.

Vanquished Creatures
  Harold (D:7)
  A hydra (D:8)
  A centaur skeleton (D:8)
  2 dream sheep (D:8)
  Sigmund (D:2)
  Eustachio (D:5)
  A water moccasin (D:8)
  An orc warrior (D:8)
  3 phantoms
  4 ogres
  A sky beast (D:7)
  A black bear (D:8)
  A necrophage (D:7)
  2 centaurs (D:6)
  3 big kobolds (D:8)
  Blork the orc (D:4)
  A bullfrog (D:6)
  2 scorpions
  4 howler monkeys
  An electric eel (D:8)
  A bullfrog zombie (D:5)
  A jelly (D:5)
  2 orc priests
  4 hounds
  2 orc wizards
  A gnoll shaman (D:7)
  Crazy Yiuf (D:7)
  2 iguanas
  7 worker ants
  A big kobold zombie (Ossuary)
  8 mummies (Ossuary)
  Robin (D:2)
  A howler monkey zombie (D:7)
  2 howler monkey skeletons
  5 adders
  6 gnolls
  A shadow imp (D:5)
  2 white imps
  An ufetubus (D:7)
  An adder zombie (D:5)
  3 worms
  4 dart slugs
  2 leopard geckos
  33 orcs
  7 giant cockroaches
  A gnoll zombie (Ossuary)
  13 goblins
  8 hobgoblins
  3 jackals (D:4)
  2 quokkas
  2 ball pythons
  6 bats
  A frilled lizard (D:4)
  A hobgoblin zombie (Ossuary)
  A jackal skeleton (D:7)
  8 kobolds
  3 kobold zombies (Ossuary)
  A leopard gecko skeleton (D:4)
  2 orc zombies (Ossuary)
  6 rats
190 creatures vanquished.

Vanquished Creatures (others)
  8 plants
8 creatures vanquished.

Grand Total: 198 creatures vanquished

Notes
Turn   | Place    | Note
-------+----------+-------------------------------------------
     0 | D:1      | septik the Minotaur Berserker began the quest for the Orb.
     0 | D:1      | Reached XP level 1. HP: 19/19 MP: 0/0
   463 | D:1      | Reached XP level 2. HP: 23/27 MP: 1/1
   525 | D:1      | Reached skill level 4 in Axes
  1001 | D:1      | Reached XP level 3. HP: 33/33 MP: 2/2
  1312 | D:2      | Noticed Robin
  1351 | D:2      | Reached ** piety under Trog
  1354 | D:2      | Killed Robin
  1512 | D:2      | Noticed Sigmund
  1526 | D:2      | Killed Sigmund
  1527 | D:2      | Reached skill level 5 in Axes
  1527 | D:2      | Reached XP level 4. HP: 23/41 MP: 3/3
  1527 | D:2      | Reached XP level 5. HP: 26/47 MP: 4/4
  2759 | D:3      | Reached XP level 6. HP: 55/55 MP: 5/5
  2913 | D:4      | Reached skill level 5 in Fighting
  2913 | D:4      | Reached skill level 6 in Axes
  3302 | D:4      | Noticed Blork the orc
  3310 | D:4      | Killed Blork the orc
  3310 | D:4      | Reached *** piety under Trog
  3311 | D:4      | Reached XP level 7. HP: 61/61 MP: 6/6
  3673 | D:4      | Reached skill level 7 in Axes
  3673 | D:4      | Reached skill level 5 in Armour
  4010 | D:5      | Entered Level 5 of the Dungeon
  4123 | D:5      | Noticed Eustachio
  4156 | D:5      | Killed Eustachio
  4408 | D:5      | Reached skill level 5 in Dodging
  4408 | D:5      | Reached XP level 8. HP: 69/70 MP: 7/7
  4450 | D:5      | Reached skill level 8 in Axes
  5189 | D:6      | Reached skill level 9 in Axes
  5190 | D:6      | Found a staircase to the Ecumenical Temple.
  5302 | D:6      | Reached **** piety under Trog
  5817 | D:7      | Found a sand-covered staircase.
  5826 | Ossuary  | Entered an ossuary
  6001 | Ossuary  | Reached XP level 9. HP: 68/79 MP: 8/8
  6354 | D:7      | Found a shadowy altar of Dithmenos.
  6382 | D:7      | Found an ornate altar of the Wu Jian Council.
  6549 | D:7      | Reached skill level 10 in Axes
  6722 | D:7      | Noticed Harold
  6731 | D:7      | Killed Harold
  7153 | D:7      | Found a runed translucent door.
  7154 | D:7      | Noticed Crazy Yiuf
  7212 | D:7      | Killed Crazy Yiuf
  7212 | D:7      | Reached ***** piety under Trog
  7462 | D:8      | Reached skill level 11 in Axes
  7767 | D:8      | Reached XP level 10. HP: 42/90 MP: 9/9
  7994 | D:8      | Noticed a three-headed hydra
  7999 | D:8      | Killed a six-headed hydra
  8737 | D:8      | HP: 4/91 [electric eel/bolt of electricity (7)]
  8737 | D:8      | Killed from afar by an electric eel

Illustrated notes

Levels and vault maps discovered:
D:1:      ncdulo_lavacross, layout_loops_ring, chequers_serial_rivers_small_b
D:2:      layout_rooms, uniq_robin, uniq_sigmund
D:3:      layout_basic, minmay_misc_feat_cross
D:4:      layout_gridville, uniq_blork_the_orc
D:5:      layout_gridville, serial_rivers, chequers_serial_rivers_room_b,
          chequers_serial_rivers_micro_a, chequers_serial_rivers_small_a,
          chequers_serial_rivers_micro_a, uniq_eustachio
D:6:      layout_loops_cross, minmay_temple_entry_grid, serial_bayou_pond_d
D:7:      layout_gridville, nicolae_ossuary_entry_monument, basic_altar,
          minmay_ruined_shrine, uniq_harold, uniq_crazy_yiuf_cottage
D:8:      layout_basic, enter_bailey_2, grunt_ministairs_3,
          nicolae_lava_and_water, chequers_big_river, hangedman_ranch
          [blue_anna_fruit_fields]

Skill      XL: |  1  2  3  4  5  6  7  8  9 10 |
---------------+-------------------------------+-----
Axes           | 4 5 6 7 9 11 | 11.9
Fighting       | 4 5 6 7 8 9 |  9.1
Armour         | 3 4 5 6 8 |  8.6
Dodging        | 3 4 5 6 7 |  7.8
Shields        | |  0.3

Action                   |  1- 3 |  4- 6 |  7- 9 | 10-12 || total
-------------------------+-------+-------+-------+-------++-------
Melee: Hand axe          |    67 |    95 |       |       ||   162
       Headbutt          |    13 |    17 |    39 |     3 ||    72
       War axe           |       |     4 |   193 |       ||   197
       Battleaxe         |       |       |    73 |    19 ||    92
Invok: Berserk           |     2 |     1 |     7 |     1 ||    11
  Use: Scroll            |       |     3 |     4 |       ||     7
       Potion            |       |       |     1 |       ||     1
Armor: Animal skin       |    15 |     4 |       |       ||    19
       Ring mail         |       |     9 |       |       ||     9
       Chain mail        |       |    21 |   133 |    19 ||   173
Dodge: Dodged            |    44 |    47 |   150 |    17 ||   258
